 Dungeon Crawl Stone Soup version 0.21-a0-178-g0b87683 (console) character file.

1096 utis the Ducker (level 8, 0/61 HPs)
             Began as a Human Air Elementalist on Aug 9, 2017.
             Splashed by an acid dragon's acid (16 damage)
             ... on level 6 of the Dungeon.
             The game lasted 00:15:55 (7225 turns).

utis the Ducker (Human Air Elementalist)            Turns: 7225, Time: 00:15:56

Health: 0/61       AC:  1    Str: 12    XL:     8   Next: 57%
Magic:  11/11      EV: 16    Int: 18    God:
Gold:   197        SH:  0    Dex: 14    Spells: 1/11 levels left

rFire    . . .     SeeInvis +   d - +2 spear (venom)
rCold    . . .     Gourm    .   (no shield)
rNeg     . . .     Faith    .   A - +1 leather armour of Ludep {Str+4 SInv}
rPois    .         Spirit   .   (no helmet)
rElec    .         Reflect  .   (no cloak)
rCorr    .         Harm     .   (no gloves)
MR       .....                  i - +0 pair of boots
Stlth    ++........             (no amulet)
HPRegen  0.20/turn              (no ring)
MPRegen  0.12/turn              (no ring)

@: corroded
A: no striking features
a: no special abilities


You were on level 6 of the Dungeon.
You were not hungry.

You visited 1 branch of the dungeon, and saw 6 of its levels.

You collected 197 gold pieces.

Inventory:

Hand Weapons
 d - a +2 spear of venom (weapon)
 n - a +1 short sword of venom
 L - a cursed -1 hunting sling
Missiles
 e - 34 bolts
 f - 10 tomahawks
 h - 141 stones (quivered)
 j - 79 sling bullets
 l - 67 arrows
Armour
 a - a +0 robe
 i - a +0 pair of boots (worn)
 m - a +0 leather armour
 o - a +0 ring mail
 A - the +1 leather armour of Ludep (worn) {Str+4 SInv}
   (You found it on level 5 of the Dungeon)

   It affects your strength (+4).
   It lets you see invisible.
Wands
 x - a wand of polymorph (8/24)
 H - a wand of lightning (8/15)
Scrolls
 u - 2 scrolls of teleportation {@r4}
 v - 2 scrolls of fear {unknown}
 y - a scroll of random uselessness {unknown}
 D - a scroll of fog {unknown}
 G - a scroll of noise {unknown}
 J - a scroll of remove curse {@r2}
Potions
 k - a potion of might {unknown}
 p - 2 potions of curing {@q1}
 q - a potion of resistance {unknown}
 r - a potion of brilliance {unknown}
 s - 2 potions of heal wounds {@q2}
 w - a potion of cancellation {unknown}
 z - a potion of lignification {unknown}
 C - a potion of agility {unknown}
 E - 3 potions of degeneration {unknown}
 F - a potion of haste {unknown}
 I - 2 potions of mutation {unknown}
Books
 b - a book of Air

   Spells                             Type                      Level
   a - Shock                          Conjuration/Air              1
   b - Swiftness                      Charms/Air                   2
   c - Static Discharge               Conjuration/Air              3
   d - Airstrike                      Air                          4
   e - Lightning Bolt                 Conjuration/Air              5
Comestibles
 c - 3 bread rations {@e1}
 g - 3 royal jellies {@e3}
 t - 2 fruits {@e2}
 B - 3 meat rations {@e1}
 K - 10 chunks of flesh


   Skills:
 - Level 4.6 Fighting
 - Level 4.1 Polearms
 - Level 7.2 Dodging
 - Level 2.0 Stealth
 - Level 2.0 Spellcasting
 + Level 1.0 Conjurations
 - Level 3.0 Air Magic


You had one spell level left.
You knew the following spells:

 Your Spells              Type           Power        Failure   Level  Hunger
a - Shock                 Conj/Air       #...         10%         1    #......
k - Airstrike             Air            ##........   54%         4    #####..
t - Static Discharge      Conj/Air       #.......     30%         3    ###....
W - Swiftness             Chrm/Air       #.......     19%         2    ###....


Dungeon Overview and Level Annotations

Branches:
Dungeon (6/15)             Temple (0/1) D:4

Altars:
Cheibriados
Makhleb
Ru
Xom
Zin
The Shining One

Annotations:
D:3 p0werm0de's ghost, amateur DsEn


Message History

The splash of acid misses you.
You hit the acid dragon.
The acid dragon is almost dead.
You barely miss the acid dragon.
The acid dragon is almost dead.
The acid dragon bites you! The acid dragon barely misses you.
You barely miss the acid dragon.
The acid dragon is almost dead.
The acid dragon spits acid at you. The splash of acid hits you!
You are splashed with acid!
The acid burns!
* * * LOW HITPOINT WARNING * * *
You are too injured to fight recklessly!
You hit the acid dragon but do no damage.
The acid dragon is poisoned.
The acid dragon is almost dead.
The acid dragon spits acid at you. The splash of acid hits you!
* * * LOW HITPOINT WARNING * * *
The acid corrodes you!
You are splashed with acid!
The acid burns!
You die...

.....▒....▒......+
.....▒....▒......▒
.....▒....'......▒
.....▒....▒......▒
.....▒....▒......▒ ▒
.....▒....▒......▒ .▒
.....▒▒▒..▒......▒ ..▒
..▒'▒▒▒▒..▒▒▒▒▒'▒▒...▒
..▒...▒......▒..pD...▒
..▒..[)......▒.......▒
..'...▒......▒.....➘.▒
..▒▒▒▒▒▒▒....▒▒▒.....▒
...... ▒....▒ ▒.....▒
....... ▒............▒
....... ............▒
....... ...........▒
....... ....


You could see an acid dragon.

Vanquished Creatures
  A phantom (D:4)
  An ogre (D:5)
  A scorpion (D:4)
  A howler monkey (D:4)
  A crimson imp (D:5)
  A centaur zombie (D:6)
  2 orc priests
  2 bullfrog skeletons (D:4)
  A centaur skeleton (D:6)
  6 hounds
  A jelly (D:6)
  4 orc wizards
  An iguana (D:5)
  Natasha (thrice) (D:3)
  A worker ant (D:4)
  8 adders
  A shadow imp (D:6)
  2 oozes
  An adder zombie (D:5)
  3 worms
  2 dart slugs
  A leopard gecko (D:5)
  14 orcs
  6 giant cockroaches
  10 goblins
  7 hobgoblins
  2 jackals (D:6)
  4 kobolds
  A quokka (D:4)
  2 ball pythons
  6 bats
  6 frilled lizards
  A quokka skeleton (D:4)
  3 rats
107 creatures vanquished.

Notes
Turn   | Place    | Note
-------+----------+-------------------------------------------
     0 | D:1      | utis the Human Air Elementalist began the quest for the Orb.
     0 | D:1      | Reached XP level 1. HP: 13/13 MP: 3/3
    65 | D:1      | Reached skill level 1 in Polearms
   121 | D:1      | Reached XP level 2. HP: 17/19 MP: 5/5
  1001 | D:1      | Reached skill level 1 in Fighting
  1001 | D:1      | Reached XP level 3. HP: 26/26 MP: 6/6
  1429 | D:2      | Found a sacrificial altar of Ru.
  1830 | D:2      | Reached XP level 4. HP: 27/33 MP: 7/7
  2852 | D:3      | Found a faded altar of an unknown god.
  3032 | D:3      | Noticed Natasha
  3039 | D:3      | Killed Natasha
  3039 | D:3      | Reached XP level 5. HP: 28/40 MP: 8/8
  3047 | D:3      | Noticed Natasha
  3059 | D:3      | Killed Natasha
  3213 | D:3      | Noticed Natasha
  3224 | D:3      | Killed Natasha
  3557 | D:3      | Reached XP level 6. HP: 45/47 MP: 9/9
  3706 | D:3      | Found a snail-covered altar of Cheibriados.
  3724 | D:3      | Noticed p0werm0de's ghost (amateur DsEn)
  4232 | D:4      | Found a staircase to the Ecumenical Temple.
  4733 | D:4      | Reached skill level 3 in Dodging
  4733 | D:4      | Reached XP level 7. HP: 50/54 MP: 10/10
  5090 | D:4      | Reached skill level 4 in Dodging
  5262 | D:4      | crap
  5410 | D:5      | Entered Level 5 of the Dungeon
  5427 | D:5      | Got a translucent leather armour
  5441 | D:5      | Identified the +1 leather armour of Ludep {Str+4 SInv} (You found it on level 5 of the Dungeon)
  5736 | D:5      | Reached skill level 5 in Dodging
  5867 | D:5      | Found a glowing golden altar of the Shining One.
  5947 | D:5      | Reached XP level 8. HP: 61/61 MP: 9/11
  6226 | D:5      | Noticed an angel
  6228 | D:5      | Found a glowing silver altar of Zin.
  6231 | D:5      | Found a shimmering altar of Xom.
  6260 | D:5      | Reached skill level 6 in Dodging
  6700 | D:6      | Found a burning altar of Makhleb.
  7104 | D:6      | Reached skill level 7 in Dodging
  7174 | D:6      | Learned a level 2 spell: Swiftness
  7178 | D:6      | Learned a level 3 spell: Static Discharge
  7183 | D:6      | Learned a level 4 spell: Airstrike
  7225 | D:6      | Splashed by an acid dragon's acid

Vault maps used:
D:1:      dpeg_arrival_short_road, lemuel_old_faithful
D:2:      nicolae_ru_great_annihilating_truth
D:3:      chequers_ecumenical_altar_island, cheibriados_altar_1, uniq_natasha
D:4:      minmay_temple_entry_trees, first_bread
D:5:      grunt_temple_overflow_order_and_chaos_1, tso_altar
D:6:      makhleb_heckhound_becter

Skill      XL: |  1  2  3  4  5  6  7  8 |
---------------+-------------------------+-----
Polearms       | 1 2 3 4 |  4.1
Fighting       | 1 2 3 4 |  4.6
Dodging        | 3 5 7 |  7.2
Stealth        | |  2.0
Spellcasting   | |  2.0
Conjurations   | |  1.0
Air Magic      | |  3.0

Action                   |  1- 3 |  4- 6 |  7- 9 || total
-------------------------+-------+-------+-------++-------
Melee: Spear             |    79 |   124 |   276 ||   479
Throw: Stone             |    14 |    24 |    60 ||    98
 Cast: Shock             |       |       |     3 ||     3
  Use: Scroll            |       |     3 |     3 ||     6
 Stab: Sleeping          |     1 |     2 |     1 ||     4
       Distracted        |     1 |       |     1 ||     2
       Invisible         |     1 |       |       ||     1
       Paralysed         |     1 |       |       ||     1
  Eat: Chunk             |     2 |    10 |     8 ||    20
Armor: Robe              |     6 |       |       ||     6
       Ring mail         |     2 |    19 |    21 ||    42
       Leather armour    |     2 |       |    29 ||    31
Dodge: Dodged            |    24 |    42 |   109 ||   175
